AoeStats
← Xeuro

Arena

507420239Analyzed
3v3 RM · 14d ago on Sep 18, 2026· 71m 40s· 6 players
Game mode
Random Map
Map size
Normal (6 player)
Population
200
Speed
Normal
Resources
Standard
Victory
Conquest
Starting age
Dark Age
Ending age
Imperial Age
RankedLock teamsTeams togetherTeam positionsShared explorationLock speedFull tech treeHidden civsTurbo modeCheats
Victory
Defeat
🇨🇳 Britons · China
844
+14
🇺🇸 Hindustanis · United States
824
+14
🇺🇸 Mongols · United States
815
+15
🇹🇼 Britons · Taiwan
810
-15
🇹🇼 Malians · Taiwan
805
-15
🇦🇷 Wu · Argentina
769
-13
瀧注洄洮
10:10 Feudal Age
12:23 Double-Bit Axe
12:31 Horse Collar
18:17 Castle Age
23:26 Bow Saw
23:17 Heavy Plow
27:24 Imperial Age
25:59 Bloodlines
25:50 Husbandry
26:33 Gold Mining
27:51 Scale Barding Armor
27:57 Forging
31:27 Chemistry
31:50 Wheelbarrow
31:01 Loom
30:51 Heavy Camel Rider
35:51 Chain Barding Armor
35:28 Cavalier
37:29 Farimba
37:52 Conscription
38:08 Crop Rotation
37:55 Stone Mining
38:42 Gold Shaft Mining
39:50 Plate Barding Armor
39:18 Town Watch
40:41 Iron Casting
45:39 Fletching
46:12 Ballistics
48:16 Light Cavalry
52:37 Bodkin Arrow
55:10 Man-at-Arms
55:51 Squires
55:46 Arson
56:45 Long Swordsman
58:41 Stone Shaft Mining
60:36 Padded Archer Armor
60:07 Two-Handed Swordsman
62:16 Champion
64:14 Scale Mail Armor
z23091820
12:01 Feudal Age
17:24 Castle Age
16:11 Horse Collar
16:20 Double-Bit Axe
20:26 Gold Mining
24:13 Wheelbarrow
23:48 Crossbowman
24:56 Horse Collar
27:31 Heavy Plow
28:38 Caravan
30:21 Hand Cart
33:53 Imperial Age
31:49 Ballistics
33:04 Bow Saw
33:49 Treadmill Crane
34:53 Heavy Scorpion
34:58 Arbalester
35:47 Padded Archer Armor
35:38 Fletching
35:58 Loom
36:01 Town Watch
39:35 Town Patrol
39:40 Bodkin Arrow
40:00 Leather Archer Armor
41:12 Chemistry
40:44 Conscription
39:47 Elite Longbowman
40:48 Yeomen
41:05 Hoardings
49:57 Capped Ram
51:58 Ring Archer Armor
51:29 Bracer
60:15 Warwolf
63:29 Husbandry
62:49 Cavalier
63:14 Light Cavalry
咚咚帕
7:19 Loom
9:54 Feudal Age
10:34 Double-Bit Axe
11:50 Horse Collar
13:13 Horse Collar
19:00 Castle Age
17:07 Man-at-Arms
19:04 Scale Mail Armor
26:37 Gold Mining
26:55 Arson
27:18 Squires
27:35 Fletching
32:27 Imperial Age
30:37 Wheelbarrow
29:47 Town Watch
30:08 Heavy Plow
33:05 Chain Mail Armor
33:00 Forging
37:23 Conscription
40:03 Bow Saw
40:40 Hand Cart
40:26 Town Patrol
44:31 Chemistry
43:52 Ballistics
43:43 Masonry
43:29 Onager
48:33 Iron Casting
48:29 Plate Mail Armor
49:19 Elite Skirmisher
52:12 Long Swordsman
54:12 Gold Shaft Mining
53:27 Stone Mining
55:12 Two-Man Saw
64:28 Blast Furnace
63:32 Padded Archer Armor
66:44 Bloodlines
66:35 Husbandry
65:58 Light Cavalry
pirate turtle 4
11:04 Feudal Age
16:17 Castle Age
14:21 Double-Bit Axe
16:50 Wheelbarrow
16:08 Loom
16:27 Horse Collar
18:31 Bow Saw
23:20 Hand Cart
25:05 Padded Archer Armor
24:55 Fletching
27:37 Bodkin Arrow
29:28 Gold Mining
29:29 Stone Mining
31:07 Town Watch
31:40 Thumb Ring
32:04 Heavy Plow
33:22 Town Patrol
34:06 Stone Shaft Mining
34:06 Gold Shaft Mining
38:10 Imperial Age
36:14 Ballistics
36:05 Masonry
35:51 Murder Holes
36:07 Fortified Wall
36:52 Leather Archer Armor
39:08 Bloodlines
38:59 Husbandry
39:02 Bracer
39:19 Elite Mangudai
40:28 Conscription
41:59 Hoardings
41:47 Drill
42:36 Heavy Cavalry Archer
43:43 Parthian Tactics
43:54 Onager
46:00 Chemistry
45:06 Siege Engineers
48:34 Elite Skirmisher
52:16 Siege Onager
70:53 Capped Ram
Xeuro
1:32 Loom
11:31 Feudal Age
13:55 Double-Bit Axe
13:52 Horse Collar
15:02 Town Watch
22:00 Castle Age
20:48 Fletching
21:36 Wheelbarrow
26:03 Husbandry
26:15 Bloodlines
26:51 Thumb Ring
28:52 Grand Trunk Road
29:20 Fortified Wall
32:29 Imperial Age
31:06 Masonry
31:33 Bow Saw
32:17 Bodkin Arrow
32:47 Ballistics
34:00 Heavy Plow
35:25 Padded Archer Armor
35:23 Murder Holes
35:31 Town Patrol
35:49 Hand Cart
39:01 Hoardings
39:05 Conscription
38:56 Light Cavalry
41:05 Siege Engineers
42:09 Elite Skirmisher
45:15 Pikeman
45:57 Squires
46:13 Bracer
46:24 Forging
49:34 Iron Casting
49:00 Scale Mail Armor
53:06 Blast Furnace
52:22 Chain Mail Armor
57:04 Leather Archer Armor
58:41 Chemistry
57:19 Hussar
70:01 Elite Ghulam
Leo
9:33 Feudal Age
18:30 Castle Age
18:09 Stone Mining
20:41 Fletching
26:35 Murder Holes
30:42 Ballistics
30:48 Bodkin Arrow
31:35 Gold Mining
35:47 Fortified Wall
35:46 Double-Bit Axe
37:24 Gold Shaft Mining
38:47 Bow Saw
42:55 Imperial Age
44:23 Wheelbarrow
51:22 Hand Cart
50:44 Pikeman
52:30 Halberdier
53:32 Squires
54:18 Forging
54:08 Scale Mail Armor
55:42 Horse Collar
57:21 Caravan
58:04 Conscription
59:06 Chemistry
59:14 Yeomen
58:48 Gambesons
60:55 Two-Man Saw
59:59 Heavy Plow
60:06 Bracer
60:12 Padded Archer Armor
60:30 Chain Mail Armor
60:20 Padded Archer Armor
60:58 Iron Casting
64:29 Elite Longbowman
66:17 Capped Ram
68:29 Elite Skirmisher
Connection lost

Rejoining the realm…

Still unreachable

The connection could not be restored.

Session expired

The server has moved on; the page needs a fresh start.